 Dungeon Sprint DCSS version 0.30.1-11-g7821555f0a (webtiles) character file.

Game seed: 8830140128610126758

17500000 Groucho the Axe Maniac (level 27, -73/189 (228) HPs)
             Began as a Djinni Warper on Nov 29, 2023.
             Was the Champion of Makhleb.
             Killed from afar by a wretched soul (122 damage)
             ... with a bolt of negative energy
             ... in the Dungeon (Sprint VIII: "Arena of Blood").
             The game lasted 00:07:38 (175 turns).

Groucho the Axe Maniac (Djinni Warper)               Turns: 175, Time: 00:07:39

HP:   -73/189 (228) AC:  6    Str: 10    XL:     27
Gold: 0             EV: 30    Int: 23    God:    Makhleb [******] SH:  0 Dex: 19

rFire   + + .        i - +∞ Axe of Woe
rCold   x . .        (shield currently unavailable)
rNeg    . . .        b - +0 leather armour
rPois   ∞            (no helmet)
rElec   .            (no cloak)
rCorr   .            (no gloves)
SInv    +            (boots unavailable)
Will    ++...        (no amulet)
Stlth   +++          l - ring of see invisible
HPRegen 0.51/turn    m - +250 ring of slaying
MPRegen 0.00/turn

%: no teleportation, infuse magic (-74 HP)
@: flying, slowed, heavily drained, very slow
A: sickness immunity, fire resistance 2, cold vulnerability 1, float, innate
caster, HP casting, extra vitality 1
0: Orb of Zot
a: Renounce Religion, Minor Destruction, Lesser Servant of Makhleb, Major
Destruction, Greater Servant of Makhleb


You were in the Dungeon.
You worshipped Makhleb.
Makhleb was exalted by your worship.
You visited 1 branch

Inventory:

Hand Weapons
 a - a +0 hand axe
 i - the +∞ Axe of Woe (weapon)
   (You found it in the Dungeon)
 n - a +9 great sword
Missiles
 d - 7 boomerangs of dispersal
Armour
 b - a +0 leather armour (worn)
Jewellery
 g - a +200 ring of slaying
 j - a +30 ring of slaying
 k - a +30 ring of slaying
 l - a ring of see invisible (left hand)
 m - a +250 ring of slaying (right hand)
 o - a +200 ring of slaying
 p - a +200 ring of slaying
Scrolls
 c - 2 scrolls of blinking
Potions
 e - a potion of curing
 f - a potion of heal wounds
 h - a potion of berserk rage


   Skills:
 O Level 27 Fighting
 O Level 27 Short Blades
 O Level 27 Long Blades
 O Level 27 Axes
 O Level 27 Maces & Flails
 O Level 27 Polearms
 O Level 27 Staves
 O Level 27 Ranged Weapons
 O Level 27 Throwing
 O Level 27 Armour
 O Level 27 Dodging
 O Level 27 Stealth
 O Level 27 Shields
 O Level 27 Unarmed Combat
 O Level 27 Spellcasting
 O Level 27 Invocations
 O Level 27 Evocations


You knew the following spells:

 Your Spells              Type           Power      Damage    Failure   Level
a - Blink                 Tloc           100%       N/A       0%          2
b - Lesser Beckoning      Tloc           100%       N/A       0%          2
c - Vhi's Electric Charg  Tloc/Air       100%       N/A       0%          3
d - Teleport Other        Tloc           100%       N/A       0%          3
e - Manifold Assault      Tloc           100%       N/A       0%          4
f - Freeze                Ice            100%       1d10      0%          1
g - Call Imp              Summ           100%       N/A       0%          2
h - Vampiric Draining     Necr           100%       2d13      0%          3
i - Leda's Liquefaction   Hex/Erth       50%        N/A       0%          4
j - Dispel Undead         Necr           100%       3d31      0%          4
k - Lee's Rapid Deconstr  Erth           50%        3d24*     0%          5
l - Starburst             Conj/Fire      50%        6d14      0%          6
m - Dispersal             Tloc           50%        N/A       0%          6
n - Malign Gateway        Summ/Tloc      50%        N/A       0%          7
o - Orb of Destruction    Conj           50%        9d13      0%          7
p - Ignition              Fire           50%        3d14      1%          8
q - Discord               Hex            50%        N/A       1%          8
r - Dragon's Call         Summ           50%        N/A       1%          9
Your spell library was empty.

Dungeon Overview and Level Annotations

Branches:
Dungeon (1/1)

Altars:
Makhleb


Innate Abilities, Weirdness & Mutations

You are immune to sickness and miasma.
You are immune to poison.
Your flesh is very heat resistant. (rF++)
You are vulnerable to cold. (rC-)
You float through the air rather than walking.
You learn spells naturally, not from books.
Your magical power is your life essence.
You have superior vitality. (+4 MHP)


Message History

You kill the meat berserker!
Makhleb accepts your kill.
You are engulfed in blazing flames.
You resist. The scourge throws poison sting at you. The poison arrow hits you.
You partially resist. The scourge throws poison sting at you.
The poison arrow hits you! You partially resist.
You hear a shout!
The fleshlord casts a spell.
The fleshlord seems to speed up.
You hear a shout!
The bag of meat is engulfed in blazing flames.
You hear a shout!
The scourge throws poison sting at you. The poison arrow hits you!!
You partially resist.
* * * LOW HITPOINT WARNING * * *
The destroyer moves out of view.
You hear an angry hiss.
A wretched soul comes into view.
You open the fleshlord like a pillowcase!!!
You pulverise the fleshlord into a thin bloody mist.
You kill the fleshlord!
Makhleb accepts your kill.
You feel better.
You chop the accursed into pieces!!!
You slaughter the accursed joyfully.
You destroy the accursed!
Makhleb accepts your kill.
You feel extremely nervous for a moment...
Your body is wracked with pain!
* * * LOW HITPOINT WARNING * * *
You are engulfed in blazing flames.
You resist.
* * * LOW HITPOINT WARNING * * *
You hear a shout! x2
A tyrant comes into view.
The wretched soul is engulfed in blazing flames.
The wretched soul breathes negative energy at you.
The bolt of negative energy hits you!!!!
You feel drained.
Ouch! That really hurt!
You die...

L)..&...))☼
)))§..)○. #))§1.o.#
. #.)☼ .).# ).
)))###.)) .))###)).
))))...)###S..).)..
#...)..).§WS.).....
).....#†))°§# ...
....).#_)§@§#....
..).))#).)..#....
#)...)).p_.).....
))))..WS###).)WD.
)))###.))..).###oW
.....#.W.....#...L
..)..#)......#.).
†...).)))..)))...
).).)).....)).)..


You could see a tyrant, an eight-headed meat hydra, 3 scourges, a fleshlord
(fast), 2 dreads, 2 wretched souls and 2 bags of meat.

Vanquished Creatures
  Dispater (D)
  11 hell knights (D)
  13 hell beasts (D)
  11 royal mummies (D)
  11 great orbs of eyes (D)
  11 wraiths (D)
  13 vampire knights (D)
  60 ogres (D)
  9 two-headed ogres (D)
  12 liches (D)
  6 hydras (D)
  14 phantoms (D)
  64 orcs (D)
  5 skeletal warriors (D)
  5 sea snakes (D)
246 creatures vanquished.

Notes
Turn   | Place    | Note
-------+----------+-------------------------------------------
     0 | D        | Found the +∞ Axe of Woe
     0 | D        | Groucho the Djinni Warper began the quest for the Orb.
     0 | D        | Groucho set off with the following spells memorised: Blink,
                  | Lesser Beckoning, Vhi's Electric Charge, Teleport Other,
                  | Manifold Assault.
     0 | D        | Reached XP level 1. HP: 18/18 MP: 0/0
     2 | D        | Noticed a bag of meat
     4 | D        | Became a worshipper of Makhleb the Destroyer
     5 | D        | Noticed a bag of meat
     5 | D        | Noticed a bag of meat
     5 | D        | Noticed a bag of meat
     7 | D        | Noticed a bag of meat
     8 | D        | Killed a bag of meat
     8 | D        | Noticed a meat berserker
     8 | D        | Noticed a bag of meat
     8 | D        | Noticed a bag of meat
     8 | D        | Noticed a bag of meat
     8 | D        | Noticed a bag of meat
     9 | D        | Reached skill level 15 in Axes
     9 | D        | Reached skill level 10 in Spellcasting
     9 | D        | Reached XP level 2. HP: 23/23 MP: 0/0
     9 | D        | Reached XP level 3. HP: 28/28 MP: 0/0
     9 | D        | Learned a level 1 spell: Freeze
     9 | D        | Reached XP level 4. HP: 33/33 MP: 0/0
     9 | D        | Reached XP level 5. HP: 38/38 MP: 0/0
     9 | D        | Learned a level 2 spell: Call Imp
     9 | D        | Reached XP level 6. HP: 43/43 MP: 0/0
     9 | D        | Reached XP level 7. HP: 49/49 MP: 0/0
     9 | D        | Learned a level 3 spell: Vampiric Draining
     9 | D        | Reached XP level 8. HP: 54/54 MP: 0/0
     9 | D        | Reached XP level 9. HP: 58/58 MP: 0/0
     9 | D        | Learned a level 4 spell: Leda's Liquefaction
     9 | D        | Reached XP level 10. HP: 64/64 MP: 0/0
     9 | D        | Reached XP level 11. HP: 68/68 MP: 0/0
     9 | D        | Learned a level 4 spell: Dispel Undead
     9 | D        | Noticed a bag of meat
     9 | D        | Killed a meat berserker
     9 | D        | Reached * piety under Makhleb
     9 | D        | Killed a bag of meat
     9 | D        | Killed a bag of meat
     9 | D        | Noticed a bag of meat
    10 | D        | Reached XP level 12. HP: 74/74 MP: 0/0
    10 | D        | Reached XP level 13. HP: 78/78 MP: 0/0
    10 | D        | Learned a level 5 spell: Lee's Rapid Deconstruction
    10 | D        | Reached XP level 14. HP: 85/85 MP: 0/0
    10 | D        | Killed a bag of meat
    10 | D        | Reached ** piety under Makhleb
    10 | D        | Killed a bag of meat
    11 | D        | Reached skill level 15 in Spellcasting
    11 | D        | Killed a bag of meat
    11 | D        | Killed a bag of meat
    11 | D        | Reached *** piety under Makhleb
    11 | D        | Killed a bag of meat
    11 | D        | Noticed a meat berserker
    11 | D        | Noticed a meat berserker
    11 | D        | Noticed a bag of meat
    11 | D        | Noticed a meat berserker
    12 | D        | Reached XP level 15. HP: 85/89 MP: 0/0
    12 | D        | Learned a level 6 spell: Starburst
    12 | D        | Killed a meat berserker
    12 | D        | Reached **** piety under Makhleb
    12 | D        | Killed a meat berserker
    13 | D        | Reached skill level 27 in Axes
    13 | D        | Reached skill level 27 in Dodging
    13 | D        | Reached XP level 16. HP: 94/94 MP: 0/0
    13 | D        | Killed a meat berserker
    13 | D        | Reached ***** piety under Makhleb
    14 | D        | Reached XP level 17. HP: 99/99 MP: 0/0
    14 | D        | Learned a level 6 spell: Dispersal
    15 | D        | Reached skill level 27 in Spellcasting
    17 | D        | Noticed a meat berserker
    17 | D        | Noticed a meat berserker
    17 | D        | Noticed a meat berserker
    17 | D        | Noticed a meat berserker
    18 | D        | Noticed a meat berserker
    19 | D        | Killed a meat berserker
    19 | D        | Killed a meat berserker
    19 | D        | Killed a meat berserker
    20 | D        | Reached XP level 18. HP: 141/141 MP: 0/0
    20 | D        | Reached XP level 19. HP: 147/147 MP: 0/0
    20 | D        | Learned a level 7 spell: Malign Gateway
    20 | D        | Reached ****** piety under Makhleb
    20 | D        | Noticed a large bag of meat
    21 | D        | Killed a meat berserker
    21 | D        | Killed a meat berserker
    21 | D        | Killed a large bag of meat
    21 | D        | Noticed a destroyer
    22 | D        | Reached XP level 20. HP: 175/175 MP: 0/0
    22 | D        | Killed a destroyer
    23 | D        | Reached XP level 21. HP: 186/186 MP: 0/0
    23 | D        | Learned a level 7 spell: Orb of Destruction
    23 | D        | Noticed a destroyer
    24 | D        | Killed a destroyer
    25 | D        | Reached skill level 27 in Fighting
    25 | D        | Reached skill level 27 in Armour
    25 | D        | Reached skill level 27 in Invocations
    25 | D        | Reached skill level 5 in Short Blades
    25 | D        | Reached skill level 5 in Long Blades
    25 | D        | Reached skill level 5 in Maces & Flails
    25 | D        | Reached skill level 5 in Polearms
    25 | D        | Reached skill level 5 in Staves
    25 | D        | Reached skill level 5 in Ranged Weapons
    25 | D        | Reached skill level 5 in Throwing
    26 | D        | Noticed a large bag of meat
    28 | D        | Noticed a large bag of meat
    28 | D        | Noticed an eight-headed meat hydra
    28 | D        | Noticed a large bag of meat
    29 | D        | Killed an eight-headed meat hydra
    29 | D        | Killed a large bag of meat
    29 | D        | Killed a large bag of meat
    29 | D        | Killed a large bag of meat
    29 | D        | Noticed a meat berserker
    30 | D        | Reached skill level 10 in Short Blades
    30 | D        | Reached skill level 10 in Long Blades
    30 | D        | Reached skill level 10 in Staves
    30 | D        | Reached XP level 22. HP: 194/194 MP: 0/0
    30 | D        | Noticed a meat berserker
    30 | D        | Noticed a meat berserker
    30 | D        | Noticed a large bag of meat
    31 | D        | Noticed a destroyer
    32 | D        | Killed a large bag of meat
    32 | D        | Killed a meat berserker
    32 | D        | Killed a meat berserker
    33 | D        | Killed a destroyer
    33 | D        | Killed a meat berserker
    34 | D        | Reached skill level 15 in Short Blades
    34 | D        | Reached skill level 15 in Long Blades
    34 | D        | Reached skill level 15 in Staves
    34 | D        | Reached XP level 23. HP: 201/201 MP: 0/0
    34 | D        | Learned a level 8 spell: Ignition
    44 | D        | Reached skill level 15 in Maces & Flails
    44 | D        | Reached skill level 15 in Polearms
    44 | D        | Reached skill level 15 in Ranged Weapons
    44 | D        | Reached skill level 15 in Throwing
    44 | D        | Reached XP level 24. HP: 208/208 MP: 0/0
    52 | D        | Noticed a tyrant
    53 | D        | Killed a tyrant
    53 | D        | Noticed a tyrant
    55 | D        | Noticed an accursed
    56 | D        | Killed a tyrant
    56 | D        | Killed an accursed
    57 | D        | Reached XP level 25. HP: 108/214 MP: 0/0
    57 | D        | Learned a level 8 spell: Discord
    57 | D        | Noticed a large bag of meat
    60 | D        | Noticed a meat beast
    61 | D        | Noticed a tyrant
    62 | D        | Killed a meat beast
    62 | D        | Killed a large bag of meat
    63 | D        | Reached XP level 26. HP: 221/221 MP: 0/0
    65 | D        | Killed a tyrant
    66 | D        | Reached XP level 27. HP: 228/228 MP: 0/0
    66 | D        | Learned a level 9 spell: Dragon's Call
    66 | D        | Noticed a tyrant
    66 | D        | Noticed a dread
    67 | D        | Noticed a destroyer
    67 | D        | Killed a dread
    67 | D        | Killed a tyrant
    67 | D        | Killed a destroyer
    67 | D        | Noticed an accursed
    68 | D        | Reached skill level 27 in Shields
    68 | D        | Reached skill level 27 in Unarmed Combat
    68 | D        | Reached skill level 27 in Evocations
    68 | D        | Killed an accursed
    69 | D        | Reached skill level 27 in Short Blades
    69 | D        | Reached skill level 27 in Long Blades
    69 | D        | Reached skill level 27 in Staves
    69 | D        | Noticed a dread
    69 | D        | Killed a dread
    71 | D        | Noticed a destroyer
    72 | D        | Killed a destroyer
    73 | D        | Reached skill level 27 in Maces & Flails
    73 | D        | Reached skill level 27 in Polearms
    73 | D        | Reached skill level 27 in Ranged Weapons
    73 | D        | Reached skill level 27 in Throwing
    74 | D        | Reached skill level 27 in Stealth
    80 | D        | Noticed a meat beast
    80 | D        | Noticed a meat beast
    82 | D        | Killed a meat beast
    82 | D        | Killed a meat beast
    84 | D        | Noticed a destroyer
    85 | D        | Killed a destroyer
    86 | D        | Noticed a meat beast
    86 | D        | Killed a meat beast
    87 | D        | Noticed a meat beast
    88 | D        | Killed a meat beast
    96 | D        | Noticed an accursed
    96 | D        | Killed an accursed
    96 | D        | Noticed a dread
    96 | D        | Noticed an accursed
    97 | D        | Noticed an accursed
    97 | D        | Killed a dread
    97 | D        | Killed an accursed
    97 | D        | Killed an accursed
    99 | D        | Noticed a destroyer
   100 | D        | Killed a destroyer
   100 | D        | Noticed a meat beast
   100 | D        | Noticed a dread
   101 | D        | Killed a dread
   102 | D        | Noticed a destroyer
   104 | D        | Noticed a tyrant
   104 | D        | Noticed an accursed
   105 | D        | Killed a tyrant
   105 | D        | Noticed a destroyer
   105 | D        | Noticed a dread
   108 | D        | Killed a destroyer
   110 | D        | Killed an accursed
   111 | D        | Killed a dread
   111 | D        | Noticed a large bag of meat
   111 | D        | Noticed a tyrant
   111 | D        | Noticed a tyrant
   112 | D        | Killed a destroyer
   112 | D        | Killed a tyrant
   112 | D        | Killed a large bag of meat
   113 | D        | Killed a tyrant
   113 | D        | Noticed a meat beast
   114 | D        | Killed a meat beast
   114 | D        | Noticed an accursed
   115 | D        | Killed an accursed
   116 | D        | Noticed an accursed
   117 | D        | Killed an accursed
   120 | D        | Noticed a dread
   121 | D        | Killed a dread
   123 | D        | Noticed a tyrant
   124 | D        | Noticed a dread
   125 | D        | Noticed a fleshlord
   125 | D        | Noticed a fleshlord
   128 | D        | Killed a fleshlord
   128 | D        | Killed a tyrant
   129 | D        | Killed a fleshlord
   129 | D        | Killed a dread
   129 | D        | Noticed a fleshlord
   131 | D        | Noticed a meat beast
   133 | D        | Killed a fleshlord
   133 | D        | Killed a meat beast
   134 | D        | Noticed an accursed
   135 | D        | Killed an accursed
   136 | D        | Noticed a tyrant
   137 | D        | Killed a tyrant
   141 | D        | Noticed a destroyer
   141 | D        | Killed a destroyer
   142 | D        | Noticed a meat beast
   142 | D        | Killed a meat beast
   143 | D        | Noticed a destroyer
   144 | D        | Killed a destroyer
   146 | D        | Noticed a fleshlord
   146 | D        | Killed a fleshlord
   147 | D        | Noticed The Meatlord
   149 | D        | Noticed a fleshlord
   149 | D        | Noticed a tyrant
   150 | D        | Noticed a dread
   150 | D        | Killed a dread
   150 | D        | Killed a tyrant
   151 | D        | Killed a fleshlord
   151 | D        | Noticed a meat beast
   152 | D        | Noticed a dread
   152 | D        | Noticed a fleshlord
   153 | D        | Killed a dread
   153 | D        | Killed a meat beast
   153 | D        | Killed a fleshlord
   154 | D        | Noticed a meat beast
   155 | D        | Killed The Meatlord
   155 | D        | Killed a meat beast
   156 | D        | Got the Orb of Zot
   157 | D        | Noticed a dread
   157 | D        | Killed a dread
   157 | D        | Noticed a meat beast
   157 | D        | Noticed a dread
   157 | D        | Noticed a destroyer
   158 | D        | Killed a destroyer
   158 | D        | Killed a dread
   158 | D        | Noticed a tyrant
   159 | D        | Noticed a fleshlord
   159 | D        | Noticed a large bag of meat
   160 | D        | Killed a large bag of meat
   160 | D        | Noticed a fleshlord
   161 | D        | Killed a meat beast
   161 | D        | Noticed a destroyer
   161 | D        | Noticed a tyrant
   161 | D        | Noticed a fleshlord
   163 | D        | Noticed a large bag of meat
   163 | D        | Noticed a fleshlord
   164 | D        | Noticed a meat beast
   164 | D        | Noticed a fleshlord
   164 | D        | Noticed a meat beast
   164 | D        | Noticed an accursed
   165 | D        | Killed a fleshlord
   165 | D        | Killed a fleshlord
   165 | D        | Noticed an accursed
   167 | D        | Killed a destroyer
   168 | D        | Killed a fleshlord
   169 | D        | Killed a tyrant
   169 | D        | Killed a meat beast
   169 | D        | Killed a fleshlord
   169 | D        | Noticed a dread
   171 | D        | Killed a tyrant
   171 | D        | Noticed a dread
   171 | D        | Noticed a fleshlord
   172 | D        | Killed a meat beast
   172 | D        | Killed an accursed
   173 | D        | Killed a large bag of meat
   173 | D        | Noticed a fleshlord
   174 | D        | Noticed a destroyer
   175 | D        | Killed a fleshlord
   175 | D        | Killed an accursed
   175 | D        | Noticed a tyrant
   175 | D        | Killed from afar by a wretched soul

Illustrated notes

Levels and vault maps discovered:
D:        meatsprint

Skill      XL: |  1  2  3  4  5  6  7  8  9 10 11 12 13 14 15 16 17 18 19 20 21 22 23 24 25 26 27 |
---------------+----------------------------------------------------------------------------------+-----
Axes           | 15 21 25 27 | 27.0
Dodging        | 14 20 23 27 | 27.0
Spellcasting   | 10 14 17 20 26 27 | 27.0
Fighting       | 16 24 26 27 | 27.0
Armour         | 16 24 26 27 | 27.0
Invocations    | 16 24 26 27 | 27.0
Short Blades   | 10 15 16 20 23 24 27 | 27.0
Long Blades    | 10 15 16 20 23 24 27 | 27.0
Maces & Flails | 9 14 15 19 21 22 27 | 27.0
Polearms       | 9 14 15 19 21 22 27 | 27.0
Staves         | 10 15 16 20 23 24 27 | 27.0
Ranged Weapons | 9 14 15 19 21 22 27 | 27.0
Throwing       | 9 14 15 19 21 22 27 | 27.0
Shields        | 11 16 17 22 25 26 27 | 27.0
Unarmed Combat | 11 16 17 22 25 26 27 | 27.0
Evocations     | 11 16 17 22 25 26 27 | 27.0
Stealth        | 27 | 27.0

Action                     |  1- 3 |  4- 6 |  7- 9 | 10-12 | 13-15 | 16-18 | 19-21 | 22-24 | 25-27 || total
---------------------------+-------+-------+-------+-------+-------+-------+-------+-------+-------++-------
  Melee: Executioner's axe |     1 |       |       |     1 |     7 |     9 |    16 |    21 |   182 ||   237
   Cast: Manifold Assault  |       |       |       |       |     2 |     3 |     5 |     9 |    58 ||    77
         Orb of Destructio |       |       |       |       |       |       |       |       |     1 ||     1
    Use: Potion            |       |       |       |       |       |       |       |       |     1 ||     1
   Stab: Distracted        |       |       |       |       |       |       |       |       |     1 ||     1
  Dodge: Dodged            |       |       |       |       |       |       |       |       |     1 ||     1
